 Dungeon Crawl Stone Soup version 0.17.0-28-g6e173f8 (webtiles) character file.

1022 septik the Magician (level 8, -2/41 HPs)
             Began as a Deep Elf Fire Elementalist on Nov 22, 2015.
             Killed by divine providence
             ... invoked by an orc priest
              (13 damage)
             ... on level 6 of the Dungeon.
             The game lasted 00:11:08 (4602 turns).

septik the Magician (Deep Elf Fire Elementalist)    Turns: 4602, Time: 00:11:08

Health: -2/41      AC:  5    Str:  5    XL:     8   Next: 2%
Magic:  14/21      EV: 13    Int: 23    God:
Gold:   87         SH:  0    Dex: 15    Spells: 4 memorised, 8 levels left

rFire  . . .     SeeInvis .     q - +0 whip
rCold  . . .     Clarity  +     F - +0 robe (curse)
rNeg   . . .     SustAt   .     (no shield)
rPois  .         Gourm    .     y - +2 helmet
rElec  .         Spirit   .     (no cloak)
rCorr  .         Warding  .     (no gloves)
rMut   .         Stasis   .     (no boots)
MR     .....                    h - amulet of clarity
Stlth  ++........               (no ring)
                                (no ring)

@: not resistant to hostile enchantments, unstealthy
A: no striking features
a: no special abilities


You were on level 6 of the Dungeon.
You were hungry.

You visited 1 branch of the dungeon, and saw 6 of its levels.

You collected 255 gold pieces.
You spent 168 gold pieces at shops.

Inventory:

Hand Weapons
 q - a +0 whip (weapon)
 I - a +1 whip of venom
Missiles
 r - 101 stones (quivered)
Armour
 a - a +0 robe
 y - a +2 helmet (worn)
 F - a cursed +0 robe (worn)
Jewellery
 h - an amulet of clarity (around neck)
Wands
 z - a wand of fire (2)
 H - a wand of slowing (11)
Scrolls
 d - 4 scrolls of remove curse {unknown}
 e - 2 scrolls of immolation
 f - a scroll of noise {unknown}
 i - 9 scrolls of identify
 m - 2 scrolls of enchant weapon {unknown}
 n - 2 scrolls of fear {unknown}
 p - 2 scrolls of magic mapping
 u - a scroll of enchant armour {unknown}
 E - 2 scrolls of teleportation
Potions
 j - 6 potions of curing {unknown}
 l - 3 potions of flight {unknown}
 o - a potion of poison {unknown}
 s - a potion of degeneration {unknown}
 v - a potion of heal wounds {unknown}
 x - a potion of might {unknown}
 A - 2 potions of berserk rage {unknown}
 G - 2 potions of haste {unknown}
Books
 b - a book of Flames

   Spells                             Type                      Level
   a - Flame Tongue                   Conjuration/Fire             1
   b - Throw Flame                    Conjuration/Fire             2
   c - Conjure Flame                  Conjuration/Fire             3
   d - Inner Flame                    Hexes/Fire                   3
   e - Sticky Flame                   Conjuration/Fire             4
   f - Fireball                       Conjuration/Fire             5
 g - a book of Ice

   Spells                             Type                      Level
   a - Ice Form                       Ice/Transmutation            4
   b - Metabolic Englaciation         Hexes/Ice                    5
   c - Ozocubu's Refrigeration        Ice                          6
   d - Bolt of Cold                   Conjuration/Ice              6
   e - Freezing Cloud                 Conjuration/Ice/Air          6
   f - Simulacrum                     Ice/Necromancy               6
 D - a Necronomicon

   Spells                             Type                      Level
   a - Haunt                          Necromancy/Summoning         7
   b - Borgnjor's Revivification      Necromancy                   8
   c - Death's Door                   Charms/Necromancy            8
   d - Necromutation                  Transmutation/Necromancy     8
Comestibles
 c - 6 bread rations
 k - 13 fruits
 t - 2 meat rations
 w - a royal jelly
 B - a beef jerky
 C - a slice of pizza


   Skills:
 - Level 2.4 Dodging
 - Level 2.4 Stealth
 + Level 7.3 Spellcasting
 * Level 6.5 Conjurations
 + Level 6.3 Fire Magic


You had 8 spell levels left.
You knew the following spells:

 Your Spells              Type           Power        Failure   Level  Hunger
a - Flame Tongue          Conj/Fire      #####        1%          1    None
b - Conjure Flame         Conj/Fire      #####...     1%          3    None
c - Sticky Flame          Conj/Fire      #####...     8%          4    ###....
d - Fireball              Conj/Fire      #####.....   17%         5    #####..


Dungeon Overview and Level Annotations

Branches:
Dungeon (6/15)
 Temple: D:4-7

Altars:
Cheibriados
Kikubaaqudgha
Ru

Shops:
D:5 ?

Annotations:
D:5 Prince Ribbit


Message History

The orc warrior is severely wounded.
The orc warrior closely misses you.
Casting: Flame Tongue
Confirm with . or Enter, or press ? or * to list all spells.
Aiming: Flame Tongue
Press: ? - help, Shift-Dir - straight line, f/p - orc warrior
Aim: an orc warrior, wielding a flail and wearing a chain mail (severely wounded)
The flame tongue hits the orc warrior.
The orc warrior is almost dead.
The orc warrior hits you with a flail!!
The orc hits you with a hand axe of flaming.
* * * LOW HITPOINT WARNING * * *
The orc burns you.
* * * LOW HITPOINT WARNING * * *
The orc warrior closely misses you. The orc closely misses you.
A quokka comes into view.
The orc priest calls down the wrath of Beogh upon you.
Something smites you!
You die...

)...........# .#
###########.########.# #.#
#.#........# #.#
######.#.########### #.#
................[...# #.#
#########.#########.######.#
#.# #.(#<....#
#######o##########.####..#.
.....[.oo.@.)...........>#.
#######......r####..##.....
#######.# ##.####.## # #..#
#.# ##.###.# #..##.# ##.##.#
#.##.# #.##.#


You could see an orc warrior, an orc priest, an orc and a quokka (wandering).

Vanquished Creatures
  The ghost of septik the Magician, a novice DEFE of Vehumet (D:5)
  Menkaure (D:5)
  A scorpion (D:4)
  A centaur skeleton (D:4)
  A giant frog skeleton (D:4)
  A gnoll shaman (D:4)
  3 orc priests
  Ijyb (D:3)
  3 orc wizards
  Jessica (D:2)
  3 worker ants (D:5)
  Robin (D:3)
  6 gnolls
  5 adders
  2 oozes
  2 worms
  4 giant geckos
  12 orcs
  7 bats
  5 giant cockroaches
  11 goblins
  15 hobgoblins
  9 jackals
  2 quokkas (D:4)
  2 giant newts
  12 kobolds
  11 rats
123 creatures vanquished.

Notes
Turn   | Place    | Note
--------------------------------------------------------------
     0 | D:1      | septik the Deep Elf Fire Elementalist began the quest for the Orb.
     0 | D:1      | Reached XP level 1. HP: 10/10 MP: 6/6
     2 | D:1      | Noticed an electric eel
   256 | D:1      | Reached XP level 2. HP: 15/15 MP: 5/8
   609 | D:1      | Reached skill level 4 in Spellcasting
   942 | D:1      | Reached XP level 3. HP: 19/19 MP: 7/10
  1250 | D:2      | Reached XP level 4. HP: 24/24 MP: 7/12
  1306 | D:2      | Noticed Jessica
  1315 | D:2      | Killed Jessica
  1750 | D:3      | Noticed Robin
  1758 | D:3      | Killed Robin
  1911 | D:3      | Reached XP level 5. HP: 28/28 MP: 12/14
  1928 | D:3      | Reached skill level 5 in Spellcasting
  1984 | D:3      | Noticed Ijyb
  1990 | D:3      | Killed Ijyb
  2869 | D:4      | Reached XP level 6. HP: 18/32 MP: 11/16
  2970 | D:4      | Found a sacrificial altar of Ru.
  3004 | D:4      | Found an ancient bone altar of Kikubaaqudgha.
  3060 | D:4      | Reached skill level 5 in Fire Magic
  3185 | D:4      | Reached skill level 6 in Spellcasting
  3338 | D:4      | Learned a level 3 spell: Conjure Flame
  3343 | D:4      | Learned a level 4 spell: Sticky Flame
  3349 | D:4      | Learned a level 5 spell: Fireball
  3478 | D:4      | Found a snail-covered altar of Cheibriados.
  3485 | D:4      | Reached XP level 7. HP: 34/36 MP: 12/18
  3576 | D:5      | Entered Level 5 of the Dungeon
  3592 | D:5      | Noticed Prince Ribbit
  3669 | D:5      | Noticed septik's ghost (novice DEFE)
  3680 | D:5      | Killed septik's ghost
  3680 | D:5      | Reached skill level 5 in Conjurations
  3829 | D:5      | Noticed Menkaure
  3832 | D:5      | Killed Menkaure
  3832 | D:5      | Reached skill level 7 in Spellcasting
  4291 | D:5      | Found Aniysiott's Magic Scroll Boutique.
  4301 | D:5      | Bought a scroll of teleportation for 42 gold pieces
  4301 | D:5      | Bought a scroll of identify for 28 gold pieces
  4301 | D:5      | Bought a scroll of immolation for 49 gold pieces
  4301 | D:5      | Bought a scroll of magic mapping for 49 gold pieces
  4417 | D:5      | Reached XP level 8. HP: 41/41 MP: 16/21
  4602 | D:6      | Killed from afar by an orc priest

Action                   |  1- 3 |  4- 6 |  7- 9 || total
-------------------------+-------+-------+-------++-------
Melee: Whip              |       |       |    14 ||    14
 Cast: Flame Tongue      |    67 |   154 |    44 ||   265
       Sticky Flame      |       |       |     3 ||     3
       Fireball          |       |       |     1 ||     1
       Conjure Flame     |       |       |     1 ||     1
 Stab: Sleeping          |       |       |     1 ||     1
  Eat: Chunk             |     1 |     7 |     1 ||     9
       Royal jelly       |       |       |     1 ||     1
